 Dungeon Crawl Stone Soup version 0.26-a0-639-g72c4674329 (webtiles) character file.

Game seed: 9162841988057412765

3665 meosjin the Cleaver (level 9, -3/108 HPs)
             Began as a Demonspawn Berserker on Sept 18, 2020.
             Was an Elder of Trog.
             Slain by a yak (11 damage)
             ... on level 9 of the Dungeon.
             The game lasted 00:13:33 (10072 turns).

meosjin the Cleaver (Demonspawn Berserker)         Turns: 10072, Time: 00:13:33

Health: -3/108     AC: 13    Str: 21    XL:     9   Next: 89%
Magic:  9/9        EV: 16    Int:  8    God:    Trog [****..]
Gold:   551        SH:  0    Dex: 13    Spells: 8/8 levels left

rFire    + . .     SeeInvis .   B - +0 broad axe
rCold    . . .     Faith    .   (no shield)
rNeg     . . .     Spirit   .   C - +0 swamp dragon scales
rPois    +         Reflect  .   (helmet restricted)
rElec    .         Harm     .   t - +0 cloak
rCorr    .         Rampage  .   g - +1 pair of gloves
MR       .....                  (no boots)
Stlth    ..........             z - amulet of regeneration
HPRegen  0.68/turn              (no ring)
MPRegen  0.11/turn              (no ring)

@: agile, berserking, very quick
A: antennae 2, fire resistance 1, powered by pain 1, MP-powered wands, sharp
scales 1
a: Berserk, Trog's Hand, Brothers in Arms, Renounce Religion


You were on level 9 of the Dungeon.
You worshipped Trog.
Trog was greatly pleased with you.
You visited 1 branch of the dungeon, and saw 9 of its levels.
You also visited: Sewer.

You collected 551 gold pieces.

Inventory:

Hand Weapons
 a - a +1 hand axe
 B - a +0 broad axe (weapon)
 G - a +2 flail of protection
Missiles
 n - 18 boomerangs
 s - 17 poisoned darts (quivered)
 D - 3 throwing nets
Armour
 b - a +0 animal skin
 c - a +0 helmet
 g - a +1 pair of gloves (worn)
 i - a +0 ring mail
 r - a +0 scale mail
 t - a +0 cloak (worn)
 C - +0 swamp dragon scales (worn)
Jewellery
 z - an amulet of regeneration (around neck)
Wands
 w - a wand of flame (24)
 y - a wand of random effects (20)
 F - a wand of disintegration (5)
Scrolls
 d - 7 scrolls of remove curse
 e - 2 scrolls of identify
 f - 3 scrolls of teleportation
 m - a scroll of magic mapping
 v - 2 scrolls of enchant armour
 x - 2 scrolls of fear
 A - 4 scrolls of fog
 E - 2 scrolls of immolation
Potions
 h - 2 potions of haste
 j - a potion of might
 k - a potion of mutation
 l - a potion of invisibility
 o - 4 potions of lignification
 p - 6 potions of flight
 q - 2 potions of stabbing
 u - 4 potions of curing


   Skills:
 + Level 7.0 Fighting
 + Level 9.5 Axes
 + Level 1.9 Throwing
 + Level 7.1 Armour
 - Level 1.7 Dodging
 - Level 0.2 Stealth


You had 8 spell levels left.
You didn't know any spells.
Your spell library was empty.

Dungeon Overview and Level Annotations

Branches:
Dungeon (9/15)             Temple (0/1) D:5           Sewer (visited)
   Lair: D:8-11         Orc: D:9-12

Altars:
Dithmenos
Gozag
Kikubaaqudgha
Okawaru
Sif Muna
Trog
Vehumet
Wu Jian
Xom
Yredelemnul
Zin


Innate Abilities, Weirdness & Mutations

You have a pair of antennae on your head.
You sometimes gain a little power by taking damage.
You are partially covered in razor-sharp scales. (AC +1, Slay +1)
Your flesh is heat resistant. (rF+)
You expend magic power (3 MP) to strengthen your wands.


Message History

You slash the yak!
You kill the yak!
Trog accepts your kill.
Your Fighting skill increases to level 7!
You barely miss the yak. You slash the yak! You hit the yak but do no damage.
You slash the yak!
An orc wizard comes into view. It is wielding a +0 dagger.
The yak gores you but does no damage. The yak gores you!
* * * LOW HITPOINT WARNING * * *
The yak gores you but does no damage. The yak barely misses you.
You barely miss the yak.
The yak is moderately wounded.
You hit the yak. x2; You slash the yak! The yak gores you.
* * * LOW HITPOINT WARNING * * *
The yak gores you!
* * * LOW HITPOINT WARNING * * *
You focus on the pain.
You feel agile all of a sudden. The yak gores you!
You die...

#....#...#
##.#.....#
#######.#<#..##
#.........#..#
#.#####'###..#
#.....##..#
#.....##.##
#.....##.#
#..Y@Y+ ..
#...YY#
#...o..#
#......#
#......#{
#......#
###o#### ..


You could see 4 yaks and 2 orc wizards.

Vanquished Creatures
  Harold (D:8)
  Pikel (D:7)
  Maggie (D:8)
  Grinder (D:3)
  A yak (D:9)
  Duvessa (D:4)
  An ice beast (D:5)
  2 ogres
  A necrophage (D:8)
  2 centaurs
  4 lemures (D:7)
  4 bullfrogs
  Dowan (D:4)
  4 wights (D:7)
  A centaur skeleton (D:4)
  2 orc priests (D:4)
  2 orc wizards
  A gnoll shaman (D:6)
  An iguana (D:5)
  7 worker ants
  A merfolk avatar (Sewer)
  A merfolk siren (Sewer)
  A killer bee zombie (D:7)
  A hound skeleton (D:5)
  A worker ant zombie (D:6)
  12 gnolls
  5 adders
  3 river rats (Sewer)
  A shadow imp (D:3)
  3 white imps
  An ufetubus (D:7)
  An ooze (D:2)
  An adder zombie (D:6)
  3 worms
  A dart slug (D:1)
  9 leopard geckos
  11 orcs
  8 bats
  10 giant cockroaches
  10 goblins
  8 hobgoblins
  11 jackals
  7 quokkas
  6 ball pythons
  11 frilled lizards
  A jackal zombie (D:6)
  9 kobolds
  A quokka skeleton (D:4)
  27 rats
204 creatures vanquished.

Vanquished Creatures (others)
  2 withered plants (D:2)
2 creatures vanquished.

Grand Total: 206 creatures vanquished

Notes
Turn   | Place    | Note
-------+----------+-------------------------------------------
     0 | D:1      | meosjin the Demonspawn Berserker began the quest for the
                  | Orb.
     0 | D:1      | Reached XP level 1. HP: 18/18 MP: 1/1
   269 | D:1      | Gained mutation: You sometimes gain a little power by
                  | taking damage. [demonic ancestry]
   269 | D:1      | Reached XP level 2. HP: 19/24 MP: 2/2
   271 | D:1      | Reached skill level 3 in Axes
  1012 | D:2      | Found a basalt altar of Yredelemnul.
  1079 | D:2      | Reached XP level 3. HP: 22/29 MP: 3/3
  1229 | D:2      | Reached ** piety under Trog
  1519 | D:2      | Found an ancient bone altar of Kikubaaqudgha.
  1923 | D:2      | Found a shadowy altar of Dithmenos.
  2412 | D:3      | Reached XP level 4. HP: 37/37 MP: 4/4
  2562 | D:3      | Noticed Grinder
  2580 | D:3      | Paralysed by Grinder for 6 turns
  2867 | D:3      | Paralysed by Grinder for 6 turns
  3183 | D:3      | Killed Grinder
  3183 | D:3      | Reached skill level 4 in Axes
  3183 | D:3      | Gained mutation: You have a pair of small antennae on your
                  | head. [demonic ancestry]
  3183 | D:3      | Reached XP level 5. HP: 42/42 MP: 5/5
  3183 | D:3      | Reached XP level 6. HP: 48/48 MP: 6/6
  4359 | D:3      | Found a bloodstained altar of Trog.
  4511 | D:4      | Found a glowing drain.
  4515 | Sewer    | Entered a sewer
  4710 | Sewer    | Reached *** piety under Trog
  4871 | Sewer    | Reached skill level 5 in Axes
  5038 | D:4      | Found a glowing silver altar of Zin.
  5080 | D:4      | Found a shimmering altar of Xom.
  5129 | D:4      | Gained mutation: You are partially covered in razor-sharp
                  | scales. (AC +1, Slay +1) [demonic ancestry]
  5129 | D:4      | Reached XP level 7. HP: 55/55 MP: 7/7
  5511 | D:4      | Reached **** piety under Trog
  5589 | D:4      | Noticed Duvessa
  5589 | D:4      | Noticed Dowan
  5602 | D:4      | Killed Duvessa
  5602 | D:4      | Reached skill level 6 in Axes
  5609 | D:4      | Killed Dowan
  5641 | D:4      | Found a radiant altar of Vehumet.
  5872 | D:5      | Entered Level 5 of the Dungeon
  5978 | D:5      | Reached skill level 1 in Throwing
  6398 | D:5      | Reached skill level 5 in Fighting
  6398 | D:5      | Reached XP level 8. HP: 27/62 MP: 8/8
  6865 | D:5      | Found a shimmering blue altar of Sif Muna.
  7023 | D:5      | Found a staircase to the Ecumenical Temple.
  7130 | D:5      | Found an iron altar of Okawaru.
  7255 | D:6      | Reached skill level 5 in Armour
  7265 | D:6      | Reached skill level 7 in Axes
  8158 | D:6      | Found an opulent altar of Gozag.
  8283 | D:7      | Gained mutation: You expend magic power (3 MP) to
                  | strengthen your wands. [potion of mutation]
  8283 | D:7      | Gained mutation: Your flesh is heat resistant. (rF+)
                  | [potion of mutation]
  8414 | D:7      | Reached skill level 8 in Axes
  9204 | D:8      | Noticed Pikel
  9281 | D:7      | Killed Pikel
  9281 | D:7      | Gained mutation: You have a pair of antennae on your head.
                  | [demonic ancestry]
  9281 | D:7      | Reached XP level 9. HP: 48/69 MP: 9/9
  9504 | D:8      | Found an ornate altar of the Wu Jian Council.
  9543 | D:8      | Noticed Maggie
  9565 | D:8      | Killed Maggie
  9571 | D:8      | Noticed Harold
  9727 | D:8      | Killed Harold
  9727 | D:8      | Reached skill level 9 in Axes
 10072 | D:9      | Slain by a yak

Illustrated notes

Levels and vault maps discovered:
D:1:      lemuel_arrival_room, layout_basic
D:2:      minmay_spotlight, layout_rooms, overflow_temple_1_default,
          kiku_gazebo_garden_becter, lemuel_coloured_pillars_altar
D:3:      layout_basic, nicolae_overflow_hidden_temple, uniq_grinder
D:4:      layout_loops_cross, marbit_many_paths, old_standard_altar,
          nicolae_overflow_crystal_walls, gup_sewer_entry_bowl, enter_ossuary_1,
          uniq_duvessa
D:5:      layout_gridville, okawaru_altar_gauntlet_db, led_sif_pool,
          minmay_temple_entry_drinking_statues
D:6:      layout_rooms, nicolae_gozag_cash_rules_everything_around_me
D:7:      layout_basic, serial_rivers, chequers_serial_rivers_small_b,
          chequers_serial_rivers_large_a, chequers_serial_rivers_micro_a,
          chequers_serial_rivers_room_b
D:8:      layout_rooms, lemuel_round_altar, uniq_harold, uniq_maggie, uniq_pikel
D:9:      layout_basic, elyvilon_altar_5, hiddenorc2_lemuel, dk_noncrumbling_4,
          nrook_guardian_serpent_double

Skill      XL: |  1  2  3  4  5  6  7  8  9 |
---------------+----------------------------+-----
Axes           | 3 4 5 6 8 9 |  9.5
Armour         | 2 3 4 6 7 |  7.1
Fighting       | 4 5 6 7 |  7.0
Throwing       | 1 |  1.9
Dodging        | |  1.7
Stealth        | |  0.2

Action                   |  1- 3 |  4- 6 |  7- 9 || total
-------------------------+-------+-------+-------++-------
Melee: Hand axe          |   160 |   289 |   270 ||   719
       Broad axe         |       |       |    32 ||    32
Throw: Dart              |       |     6 |    15 ||    21
       Boomerang         |       |     3 |       ||     3
Invok: Berserk           |     1 |     6 |    13 ||    20
       Trog's Hand       |       |     5 |     1 ||     6
  Use: Scroll            |       |    14 |     4 ||    18
       Potion            |       |       |     1 ||     1
 Stab: Sleeping          |     4 |       |       ||     4
Armor: Animal skin       |    17 |       |       ||    17
       Ring mail         |    31 |       |       ||    31
       Scale mail        |    19 |   113 |   149 ||   281
       Swamp dragon scal |       |       |    14 ||    14
Dodge: Dodged            |   131 |   131 |   147 ||   409

Table legend: (Time is in decaauts)
 A = Elapsed time spent in this place.
 B = Non-inter-level travel time spent in this place.
 C = Inter-level travel time spent in this place.
 D = Time resting spent in this place.
 E = Time spent auto-exploring this place.
 F = Levels seen in this place.
 G = Mean time per level.
                   A        B        C        D        E       F      G
               +--------+--------+--------+--------+--------+-----+--------+
         Total |  10345 |   9931 |    414 |   2514 |   5804 |  10 | 1034.5 |
       Dungeon |   9886 |   9472 |    414 |   2514 |   5690 |   9 | 1098.4 |
         Sewer |    459 |    459 |      0 |      0 |    114 |   1 |  459.0 |
               +--------+--------+--------+--------+--------+-----+--------+

Top non-repeatable levels by time:
     D:3: 1972 daAuts
     D:5: 1706 daAuts
     D:2: 1567 daAuts
     D:7: 1382 daAuts
     D:4: 1071 daAuts
     D:1: 1017 daAuts
     D:6: 717 daAuts
   Sewer: 459 daAuts
     D:8: 392 daAuts
     D:9: 57 daAuts
